 Dungeon Crawl Stone Soup version 0.19.0-2-gae57169 (webtiles) character file.

104 Pepeogr the Skirmisher (level 4, 0/60 HPs)
             Began as a Draconian Abyssal Knight on Nov 6, 2016.
             Was a Believer of Lugonu.
             Succumbed to an adder's poison
             ... on level 3 of the Dungeon.
             The game lasted 00:14:30 (1984 turns).

Pepeogr the Skirmisher (Draconian Abyssal Knight)   Turns: 1984, Time: 00:14:30

Health: 0/60       AC: 22    Str: 16    XL:     4   Next: 52%
Magic:  5/5        EV:  2    Int: 12    God:    Lugonu [**....]
Gold:   53         SH:  3    Dex: 10    Spells: 0 memorised, 3 levels left

rFire  . . .     SeeInvis .     l - +2 spear (pierce)
rCold  . . .     Gourm    .     (armour unavailable)
rNeg   + + +     Faith    .     k - +0 buckler
rPois  +         Spirit   .     (helmet currently unavailable)
rElec  .         Reflect  .     (cloak currently unavailable)
rCorr  .         Harm     .     (gloves currently unavailable)
MR     .....     NoTele   +     (boots currently unavailable)
Stlth  +.........               (no amulet)
                                (no ring)
                                (no ring)

@: lethally poisoned (0 -> -1), tree-form (expiring)
A: unfitting armour, (cold-blooded), AC +5
a: Depart the Abyss, Bend Space, Renounce Religion


You were on level 3 of the Dungeon.
You worshipped Lugonu.
Lugonu was pleased with you.
You were not hungry.
You were a tree.
You visited 1 branch of the dungeon, and saw 3 of its levels.
You visited the Abyss 1 time.

You collected 53 gold pieces.

Inventory:

Hand Weapons
 a - a +1 falchion
 f - a cursed -1 spear
 g - a +2 short sword of holy wrath
 i - a +0 short sword
 l - a +2 spear of piercing (weapon)
Missiles
 c - 15 poisoned needles
 d - 32 bolts
Armour
 e - a +2 pair of boots (melded)
 h - a +0 pair of boots
 k - a +0 buckler (worn)
Scrolls
 b - a scroll of remove curse
 p - a scroll of identify
Comestibles
 n - a meat ration


   Skills:
 + Level 4.0 Fighting
 - Level 3.4 Long Blades
 * Level 0.4 Polearms
 - Level 2.4 Dodging
 - Level 0.2 Stealth
 * Level 1.7 Shields
 - Level 2.0 Invocations


You had 3 spell levels left.
You didn't know any spells.

Dungeon Overview and Level Annotations

Branches:
Dungeon (3/15)

Altars:


Innate Abilities, Weirdness & Mutations

((Your plain brown scales are hard. (AC +5)))
You cannot fit into any form of body armour.
((You are cold-blooded and may be slowed by cold attacks.))


Message History

You cannot move.
You feel sick. The adder bites you but does no damage.
The giant cockroach bites you but does no damage.
The adder bites you but does no damage. You block the giant cockroach's attack.
The adder bites you but does no damage.
The giant cockroach bites you but does no damage.
The adder barely misses you.
The giant cockroach bites you but does no damage.
You feel sick. The adder bites you but does no damage.
You block the giant cockroach's attack. The adder bites you but does no damage.
You block the giant cockroach's attack. The adder bites you but does no damage.
The giant cockroach bites you but does no damage.
The adder bites you but does no damage.
Your transformation is almost over.
The giant cockroach bites you but does no damage.
The adder bites you.
* * * LOW HITPOINT WARNING * * *
You cannot move.
You die...

#######.# #.......#
#.#####.###########
#.##..............###
#.##....#########.#..
#######.##....# #.#.#
......#.#.....# #.#.#
......'..S....# #.#.#
......#..)♣...# #.#.#
...[. #..s....# #.#.#
....
#.........#######.#)#
...
+................[)..
..
#.......#.###.###.#.#
# #.....#...###.#
#.#.# ..........##...
#.#.#
.....+#....#....##.#..
#.##.#.#(#.###


You could see an adder and a giant cockroach.

Vanquished Creatures
  An orc priest (D:3)
  An ooze (D:3)
  A dart slug (D:1)
  A leopard gecko (D:2)
  4 orcs (D:3)
  A ball python (D:3)
  8 giant cockroaches
  4 goblins
  2 hobgoblins (D:3)
  11 jackals
  A quokka (D:3)
  8 bats
  A frilled lizard (D:1)
  6 kobolds
  10 rats
60 creatures vanquished.

Notes
Turn   | Place    | Note
-------+----------+-------------------------------------------
     0 | Abyss:1  | Pepeogr the Draconian Abyssal Knight began the quest for the Orb.
     0 | Abyss:1  | Reached XP level 1. HP: 19/19 MP: 2/2
     5 | D:1      | Escaped the Abyss
    74 | D:1      | Reached * piety under Lugonu
   226 | D:1      | Reached XP level 2. HP: 13/26 MP: 3/3
  1032 | D:2      | Reached XP level 3. HP: 29/33 MP: 4/4
  1257 | D:3      | Reached skill level 4 in Fighting
  1257 | D:3      | Reached skill level 1 in Shields
  1262 | D:3      | Reached XP level 4. HP: 17/40 MP: 5/5
  1558 | D:3      | Reached ** piety under Lugonu
  1972 | D:3      | HP: 3/60 [poisoned by an adder]
  1977 | D:3      | HP: 2/60 [poisoned by an adder]
  1983 | D:3      | HP: 1/60 [adder (2)]
  1984 | D:3      | Succumbed to an adder's poison

Skill      XL: |  1  2  3 |
---------------+----------+-----
Fighting       | 4 |  4.0
Long Blades    | 3 |  3.4
Shields        | 1 |  1.7
Polearms       | |  0.4
Dodging        | |  2.4
Stealth        | |  0.2
Invocations    | |  2.0

Action                   |  1- 3 |  4- 6 || total
-------------------------+-------+-------++-------
Melee: Falchion          |    74 |    39 ||   113
       Tailslap          |    10 |     4 ||    14
       Spear             |       |    32 ||    32
       Short sword       |       |     3 ||     3
Invok: Depart the Abyss  |     1 |       ||     1
  Use: Scroll            |     3 |     5 ||     8
       Potion            |     3 |     1 ||     4
  Eat: Bread ration      |     1 |       ||     1
Armor: Skin              |    37 |    89 ||   126
Dodge: Dodged            |    84 |    84 ||   168
Block: Buckler           |     9 |    42 ||    51
       Rpst.: Falchion   |    26 |    10 ||    36
